Map: Traitor's Exile

Players

Keyfur

  • Race: Protoss Protoss
  • League: Silver
  • Spawn Location: 6:00

DarkangelJSB

  • Race: Protoss Protoss
  • Spawn Location: 5:00

MonstroTown - Winner!

  • Race: Terran Terran
  • Spawn Location: 12:00

Michael - Winner!

  • Race: Zerg Zerg
  • League: Gold
  • Spawn Location: 9:00

VOD

Have the link to the VOD?

Description

Time

  • Played on: Oct. 6, 2018, 6:42 p.m.
  • Length: 11:49
Show
View Real Time Build Order
Export as new Build Order

Keyfur Protoss 

Build Orders:  

Get SALT Encoding   

  12  0:03  Probe  
  13  0:15  Probe  
  14  0:33  Probe  
  15  0:48  Pylon  
  15  0:54  Assimilator  
  15  1:06  Probe  
  16  1:17  Gateway  
  16  1:18  Probe  
  17  1:30  Probe  
  18  1:42  Probe  
  18  1:45  Pylon  
  18  1:46  Assimilator  
  19  1:55  Probe  
  20  2:02  Nexus  
  20  2:04  Zealot  
  22  2:14  Cybernetics Core  
  22  2:30  Probe  
  22  2:31  Forge  
  23  2:45  Pylon  
  23  2:58  Probe  
  23  3:03  Warp Gate  
  24  3:09  Pylon  
  24  3:11  Probe  
  25  3:16  Photon Cannon  
  25  3:24  Probe  
  26  3:30  Probe  
  27  3:40  Photon Cannon  
  26  3:42  Probe  
  26  3:47  Stalker  
  26  4:18  Photon Cannon  
  26  4:30  Stalker  
  28  4:33  Protoss Shields Level 1  
  28  4:51  Photon Cannon  
  28  5:08  Gateway  
  28  5:11  Stalker  
  30  5:36  Stalker  
  32  5:46  Probe  
  33  5:50  Photon Cannon  
  33  5:53  Gateway  
  33  5:58  Probe  
  34  6:08  Stalker  
  36  6:22  Pylon  
  36  6:27  Nexus  
  36  6:30  Pylon  
  36  6:44  Pylon  
  36  6:51  Pylon  
  36  7:03  Stalker x2  
  30  7:32  Protoss Ground Weapons Level 1  
  30  7:35  Stalker x2  
  34  8:05  Stalker x3  
  31  8:30  Stalker x3  
  37  8:40  Probe  
  38  8:46  Photon Cannon  
  38  8:48  Photon Cannon  
  38  8:50  Probe  
  39  8:57  Stalker x3  
  39  9:02  Probe  
  46  9:08  Photon Cannon  
  38  9:30  Stalker x3  
  26  10:06  Zealot  
  26  10:07  Zealot  
Show
View Real Time Build Order
Export as new Build Order

DarkangelJSB Protoss 

Build Orders:  

Get SALT Encoding   

  12  0:01  Probe  
  13  0:13  Probe  
  14  0:33  Probe, Pylon  
  15  0:51  Probe  
  16  1:01  Probe  
  16  1:02  Gateway  
  17  1:06  Forge  
  17  1:09  Probe  
  17  1:16  Pylon  
  17  1:17  Probe  
  18  1:18  Assimilator  
  19  1:41  Zealot  
  19  1:42  Probe  
  20  1:48  Assimilator  
  22  1:54  Cybernetics Core  
  22  1:58  Probe  
  23  2:14  Probe  
  24  2:18  Photon Cannon  
  23  2:37  Warp Gate  
  23  2:40  Stalker  
  25  2:48  Probe  
  14  3:45  Nexus  
  14  3:47  Nexus  
  14  4:09  Pylon  
  14  4:14  Probe  
  15  4:19  Gateway  
  15  4:27  Gateway  
  15  4:34  Probe  
  2  5:28  Stalker  
  4  5:41  Probe  
  4  5:49  Probe  
  6  5:59  Probe  
  7  6:07  Probe  
  8  6:15  Probe  
  8  6:22  Pylon  
  3  7:19  Probe  
  4  7:32  Probe  
  5  7:45  Probe  
  6  7:55  Probe  
  7  8:10  Sentry  
  9  8:13  Probe  
  10  8:21  Probe  
  11  8:31  Probe  
  12  8:39  Probe  
  12  8:48  Probe  
  14  8:58  Probe  
  15  9:09  Pylon  
  15  9:11  Probe  
  16  9:26  Stalker  
  16  9:30  Probe  
  19  9:38  Probe  
  20  9:46  Probe  
  21  9:57  Zealot  
  21  9:58  Zealot, Probe  
  26  10:10  Probe  
  27  10:18  Probe  
  27  10:26  Probe  
  27  10:27  Stalker  
  31  10:36  Pylon  
  31  10:37  Probe  
  24  10:45  Zealot  
  20  11:07  Pylon  
  20  11:13  Nexus  
Show
View Real Time Build Order
Export as new Build Order

MonstroTown Terran - Winner!

Build Orders:  

Get SALT Encoding   

  12  0:01  SCV  
  13  0:13  SCV  
  14  0:18  Supply Depot  
  14  0:25  SCV  
  15  0:40  SCV  
  15  0:41  Barracks  
  16  0:46  Refinery  
  16  0:52  SCV  
  17  1:04  SCV  
  17  1:08  Barracks  
  18  1:16  SCV  
  19  1:18  Refinery  
  19  1:31  Reaper  
  21  1:37  Orbital Command  
  20  1:56  Reaper  
  21  2:03  SCV  
  21  2:06  Reaper  
  21  2:07  Supply Depot  
  23  2:28  SCV  
  24  2:34  Reaper  
  25  2:40  Factory  
  25  2:45  Reaper  
  26  3:04  SCV  
  27  3:16  SCV  
  28  3:28  SCV  
  28  3:40  SCV  
  29  3:44  Marine x2  
  31  3:49  Factory Reactor  
  31  3:50  Factory Tech Lab  
  31  3:54  Starport  
  31  3:57  Engineering Bay  
  31  3:59  Engineering Bay  
  31  4:01  Barracks  
  31  4:05  Barracks  
  31  4:16  Reaper  
  31  4:30  Reaper  
  30  4:49  SCV  
  31  5:08  Command Center  
  31  5:14  Terran Infantry Armor Level 1, Terran Infantry Weapons Level 1  
  31  5:15  Barracks Tech Lab x2, Barracks Reactor  
  31  5:17  Starport Reactor  
  31  5:37  SCV  
  31  5:46  Supply Depot  
  31  5:47  Supply Depot  
  31  5:53  Missile Turret  
  31  6:00  Marine x3  
  31  6:01  Siege Tank, Marauder  
  39  6:04  Medivac  
  39  6:05  Marauder  
  43  6:12  SCV  
  41  6:48  Marine  
  41  6:49  Marauder x2, Marine x2  
  41  6:51  Siege Tank, Medivac  
  52  7:03  Medivac  
  52  7:06  SCV, Marine x2  
  52  7:07  Marine  
  58  7:09  Orbital Command  
  51  7:36  SCV x2, Marine  
  52  7:37  Marine x3  
  50  8:11  Marine x3  
  50  8:12  Marine x2  
  51  8:29  Marine  
  51  8:30  Marauder x2  
  51  8:32  Marine x2  
  55  8:37  Armory  
  55  8:38  SCV  
  55  8:39  SCV  
  53  8:47  Siege Tank, Medivac, Marine  
  59  8:48  Command Center  
  59  8:49  Marine x2  
  61  8:59  Marauder x2  
  62  9:21  Marine x3  
  62  9:22  Siege Tank, Medivac x2  
  67  9:47  Marine  
  67  9:48  Marine x3  
  67  9:49  Marauder  
  73  9:53  SCV x2  
  75  10:01  Orbital Command  
  75  10:05  SCV  
  75  10:06  Marauder  
  78  10:10  Marauder  
  80  10:21  Marine  
  80  10:22  Combat Shields, Marine x2  
  82  10:44  Marine  
  82  10:45  Marine x3  
  82  10:46  Marauder  
  88  10:58  Barracks  
  88  10:59  SCV, Refinery, Barracks  
  88  11:00  SCV x2  
  88  11:01  Refinery  
  88  11:02  Marine x2  
  93  11:09  Supply Depot  
  93  11:25  Supply Depot  
  93  11:30  SCV, Marine  
Show
View Real Time Build Order
Export as new Build Order

Michael Zerg - Winner!

Build Orders: Pool First 

Get SALT Encoding   

  12  0:00  Drone  
  13  0:13  Overlord  
  13  0:21  Drone  
  14  0:31  Drone x2  
  14  0:35  Drone  
  17  0:39  Extractor  
  17  0:44  Extractor  
  17  0:46  Drone  
  17  0:53  Spawning Pool  
  16  0:57  Drone  
  17  1:13  Drone  
  18  1:28  Hatchery  
  17  1:33  Drone  
  18  1:41  Queen  
  20  1:49  Metabolic Boost  
  20  2:03  Overlord  
  20  2:07  Zergling x4  
  22  2:21  Queen  
  24  2:36  Zergling x4  
  24  2:37  Zergling x2  
  25  2:51  Zergling x6  
  25  2:52  Zergling x6  
  31  3:02  Drone  
  31  3:03  Drone  
  28  3:31  Drone x7  
  33  3:54  Lair  
  33  3:59  Overlord, Hatchery  
  33  4:02  Drone  
  33  4:05  Drone  
  34  4:16  Drone x2  
  36  4:18  Drone x3  
  36  4:19  Drone  
  40  4:29  Queen  
  42  4:40  Roach Warren  
  42  4:41  Drone x2, Evolution Chamber  
  42  4:42  Extractor  
  42  4:43  Drone  
  42  4:46  Drone  
  42  4:48  Drone  
  42  4:52  Extractor  
  43  4:53  Extractor  
  43  4:54  Overlord  
  43  4:58  Overlord  
  42  5:08  Drone x2  
  42  5:11  Drone x4  
  48  5:14  Queen  
  48  5:20  Zerg Ground Armor Level 1  
  49  5:38  Glial Reconstitution  
  49  5:44  Infestation Pit  
  49  5:45  Drone x7, Hydralisk Den  
  49  5:46  Drone  
  49  5:49  Spore Crawler  
  54  5:53  Spore Crawler  
  54  5:55  Spore Crawler  
  52  5:57  Spine Crawler  
  52  6:00  Drone, Spine Crawler  
  52  6:01  Drone  
  52  6:03  Drone  
  53  6:05  Drone  
  53  6:06  Drone  
  55  6:13  Drone x3  
  55  6:15  Extractor  
  55  6:16  Extractor  
  55  6:17  Drone  
  57  6:18  Drone  
  57  6:19  Drone  
  58  6:38  Roach x4  
  65  6:40  Overlord x5  
  65  6:48  Hive  
  65  6:50  Burrow  
  65  6:57  Drone  
  65  6:58  Drone x2  
  68  7:01  Drone x2  
  68  7:02  Drone  
  68  7:07  Drone x3  
  74  7:10  Spore Crawler  
  74  7:12  Spore Crawler  
  74  7:13  Drone, Spore Crawler, Spine Crawler  
  74  7:14  Spine Crawler  
  71  7:15  Drone  
  71  7:17  Drone  
  71  7:18  Drone  
  73  7:31  Muscular Augments  
  73  7:32  Hydralisk  
  73  7:33  Hydralisk x3  
  73  7:35  Hydralisk  
  83  7:38  Hydralisk  
  83  7:41  Hydralisk  
  87  7:45  Hydralisk  
  87  7:47  Hydralisk  
  91  8:00  Overseer x4  
  91  8:03  Zerg Missile Weapons Level 1  
  91  8:05  Hydralisk  
  91  8:13  Hydralisk  
  91  8:14  Hydralisk x2  
  97  8:25  Queen x3  
  97  8:34  Roach  
  97  8:35  Roach x3  
  97  8:36  Overlord x2  
  97  8:39  Overlord  
  105  8:41  Overlord  
  105  8:43  Grooved Spines  
  105  8:46  Drone  
  106  8:56  Hatchery  
  105  9:11  Hydralisk x7  
  105  9:14  Roach  
  105  9:16  Roach  
  123  9:23  Roach x3  
  123  9:24  Roach  
  129  9:37  Adrenal Glands  
  121  9:43  Evolution Chamber  
  116  9:51  Hydralisk x5  
  118  9:55  Roach  
  118  9:57  Roach  
  118  10:04  Roach x3  
  118  10:05  Roach  
  120  10:13  Queen  
  122  10:29  Hydralisk x7  
  136  10:49  Hydralisk  
  136  10:50  Hydralisk x3  
  136  10:53  Overlord x4  
  144  11:07  Overlord x3  
  144  11:17  Hydralisk x3  
  144  11:18  Hydralisk x2  
  154  11:19  Hydralisk  
  154  11:24  Hydralisk  
  158  11:29  Roach x3  
Tags
 
Add a new tag
Caveats
  • Supply blocks, unpowered buildings, or Contaminate may cause inaccurate times.
  • Supply counts are checked every 10 seconds.